Map: Efflorescence LE

Players

Ascendo - Winner!

  • Race: Zerg Zerg
  • Spawn Location: 12:00

Vook - Winner!

  • Race: Terran Terran
  • Spawn Location: 3:00

Massa

  • Race: Terran Terran
  • League: Platinum
  • Spawn Location: 6:00

qqq

  • Race: Zerg Zerg
  • Spawn Location: 9:00

VOD

Have the link to the VOD?

Description

Time

  • Played on: Oct. 9, 2020, 3:34 p.m.
  • Length: 21:10
Show
View Real Time Build Order
Export as new Build Order

Ascendo Zerg - Winner!

Build Orders: Pool First 

Get SALT Encoding   

  12  0:01  Drone  
  13  0:13  Overlord  
  13  0:18  Drone  
  14  0:31  Drone  
  14  0:32  Drone  
  16  0:35  Drone  
  17  0:46  Extractor, Drone  
  17  0:57  Drone  
  18  1:00  Spawning Pool  
  17  1:22  Hatchery  
  17  1:23  Drone  
  17  1:27  Drone  
  17  1:31  Drone  
  19  1:39  Drone  
  20  1:47  Queen  
  22  1:59  Roach Warren  
  21  2:01  Drone  
  22  2:08  Overlord  
  22  2:14  Overlord  
  22  2:26  Metabolic Boost  
  22  2:39  Roach x2  
  22  2:40  Roach  
  28  2:48  Drone  
  28  2:49  Roach  
  31  2:56  Roach x2  
  35  2:59  Roach  
  35  3:04  Roach  
  39  3:10  Roach  
  41  3:18  Roach  
  43  3:20  Overlord  
  43  3:24  Drone  
  44  3:38  Queen, Zergling x4  
  44  3:39  Zergling x2  
  49  3:48  Zergling x6  
  52  3:54  Overlord  
  38  4:10  Roach x3  
  38  4:11  Roach  
  37  4:26  Roach x3  
  42  4:33  Drone x3  
  45  4:40  Overlord  
  45  4:44  Roach  
  47  4:52  Drone x2  
  49  4:53  Drone  
  50  5:01  Drone x2  
  52  5:09  Lair  
  52  5:13  Extractor  
  51  5:16  Extractor, Drone  
  51  5:17  Drone x3  
  51  5:18  Drone  
  51  5:21  Drone  
  56  5:23  Drone  
  57  5:34  Drone x4  
  61  5:42  Drone x2  
  63  5:43  Drone, Extractor  
  63  5:52  Drone x2  
  63  5:53  Drone x2  
  67  6:08  Spire  
  67  6:10  Drone x2  
  68  6:13  Overlord  
  68  6:23  Overlord  
  68  6:24  Overlord  
  68  6:25  Overlord  
  68  6:29  Glial Reconstitution  
  68  6:36  Roach  
  68  6:37  Roach x3  
  76  6:46  Overlord  
  76  6:53  Spore Crawler  
  75  7:00  Spore Crawler  
  74  7:19  Mutalisk x3  
  74  7:20  Mutalisk x4  
  88  7:27  Overlord  
  88  7:33  Mutalisk  
  90  7:41  Mutalisk  
  92  7:51  Mutalisk  
  94  8:24  Mutalisk x2  
  94  8:25  Mutalisk x2  
  96  8:43  Mutalisk x2  
  100  8:54  Zergling x16  
  108  9:00  Hatchery  
  107  9:06  Zergling x2  
  107  9:07  Zergling x2, Baneling Nest  
  108  9:15  Hatchery  
  107  9:33  Drone  
  107  9:34  Drone x8  
  112  9:57  Zergling x8  
  112  9:59  Overlord x3  
  116  10:03  Zerg Flyer Weapons Level 1  
  115  10:14  Drone x2  
  115  10:17  Centrifical Hooks  
  115  10:18  Zergling x2  
  115  10:21  Zergling x4  
  118  10:28  Queen  
  119  10:30  Extractor  
  119  10:35  Extractor  
  116  10:54  Mutalisk  
  116  10:55  Mutalisk x9  
  133  11:04  Drone x3  
  133  11:33  Zergling x2  
  133  11:38  Drone  
  133  11:39  Drone x8  
  143  11:51  Drone  
  143  11:52  Drone x8  
  152  11:57  Zerg Flyer Armor Level 1  
  126  12:31  Zergling x2  
  126  12:32  Zergling x22  
  88  13:22  Zergling x32  
  88  13:23  Zergling x4  
  98  13:28  Evolution Chamber  
  97  13:34  Evolution Chamber  
  97  13:37  Zergling x2  
  97  13:38  Zergling x12  
  103  13:46  Zergling x10  
  108  13:51  Zerg Flyer Weapons Level 2  
  108  14:07  Zergling x22  
  119  14:16  Zergling x4  
  120  14:22  Zergling x2  
  120  14:23  Zergling x2  
  121  14:25  Zergling x2  
  121  14:26  Queen, Zergling x2  
  120  14:38  Zergling x14  
  116  14:44  Infestation Pit  
  116  14:48  Zerg Melee Weapons Level 1  
  116  14:49  Zerg Ground Armor Level 1  
  116  14:50  Zergling x10  
  121  15:03  Zergling x8  
  92  15:25  Zergling x12  
  92  15:26  Zergling x8  
  80  15:34  Zergling x4  
  80  15:35  Zergling x2  
  81  15:40  Queen, Zergling x2  
  78  15:46  Hive  
  76  15:54  Zergling x14  
  83  16:07  Hatchery, Zergling x2  
  83  16:08  Zergling x4  
  83  16:11  Zergling x2  
  86  16:20  Zergling x16  
  93  16:36  Zergling x2  
  93  16:37  Zergling x6  
  93  16:58  Zergling x20  
  103  17:02  Zerg Melee Weapons Level 2  
  103  17:04  Adrenal Glands  
  103  17:05  Zerg Ground Armor Level 2  
  103  17:06  Hatchery, Zergling x2  
  103  17:10  Zergling x4  
  103  17:11  Zergling x6  
  105  17:38  Zergling x4  
  105  17:39  Zergling x14  
  113  17:46  Zergling x12  
  119  17:59  Zergling x6  
  122  18:08  Zergling x2  
  122  18:09  Zergling x4  
  110  18:15  Zergling x2  
  110  18:16  Zergling x8  
  110  18:19  Queen, Zergling x6  
  114  18:22  Extractor  
  113  18:31  Zergling x2  
  113  18:32  Zergling x6  
  117  18:35  Drone  
  117  18:36  Drone  
  117  18:46  Drone  
  117  18:47  Drone x6  
  123  18:51  Greater Spire  
  120  19:19  Corruptor  
  120  19:20  Corruptor x3  
  120  19:21  Overlord x4  
  128  19:37  Drone  
  129  19:38  Extractor  
  129  19:40  Extractor, Corruptor x3  
  129  19:41  Corruptor x6  
  120  20:08  Brood Lord  
  120  20:09  Brood Lord x3  
  120  20:10  Corruptor  
  120  20:11  Corruptor x2  
  117  20:16  Brood Lord x4  
  113  20:42  Brood Lord x3  
  106  20:55  Drone x5  
Show
View Real Time Build Order
Export as new Build Order

Vook Terran - Winner!

Build Orders: 2 Factory, Hellion Opening, Mech 

Get SALT Encoding   

  12  0:00  SCV  
  13  0:12  SCV  
  14  0:18  Supply Depot  
  14  0:24  SCV  
  15  0:30  Refinery  
  15  0:40  SCV  
  16  0:47  Barracks  
  16  0:52  SCV  
  17  1:09  SCV  
  18  1:16  Supply Depot  
  18  1:21  SCV  
  19  1:37  Factory  
  19  1:39  Orbital Command  
  19  1:50  Barracks Reactor  
  18  2:15  Command Center  
  18  2:30  SCV  
  18  2:32  Hellion x2  
  18  2:34  Barracks Tech Lab  
  23  2:41  Factory  
  23  2:47  SCV  
  24  2:54  Hellion  
  24  2:58  Hellion  
  28  3:02  SCV  
  29  3:11  Refinery  
  29  3:14  SCV  
  30  3:26  SCV  
  31  3:27  Hellion x2  
  35  3:38  SCV  
  36  3:44  Supply Depot  
  36  3:50  SCV  
  36  3:54  Cyclone  
  40  4:02  SCV, Hellion  
  43  4:16  Hellion  
  45  4:24  Hellion  
  45  4:27  Orbital Command, SCV  
  46  4:36  Siege Tank  
  49  4:39  Infernal Pre-Igniter  
  49  4:41  Barracks Reactor  
  49  4:46  SCV  
  50  4:55  Hellion  
  50  4:58  SCV  
  53  5:06  Supply Depot  
  53  5:08  Refinery  
  53  5:10  SCV  
  54  5:21  Supply Depot  
  54  5:22  Supply Depot  
  54  5:23  Refinery  
  54  5:28  Starport, SCV x2, Hellion  
  58  5:32  Siege Tank  
  61  5:40  SCV  
  61  5:42  Marine, SCV, Engineering Bay  
  63  5:44  Marine  
  65  5:52  SCV  
  65  5:54  Hellion  
  65  5:55  SCV  
  69  6:00  Marine  
  69  6:02  Marine, Mag-Field Accelerator  
  71  6:04  SCV  
  71  6:06  Starport Reactor  
  71  6:07  SCV  
  71  6:09  Engineering Bay  
  73  6:12  Armory  
  73  6:17  Armory  
  73  6:18  Marine  
  73  6:19  SCV  
  73  6:21  SCV  
  76  6:27  Hellion  
  78  6:33  Supply Depot  
  78  6:37  Supply Depot  
  78  6:54  Viking x2  
  78  6:55  SCV, Siege Tank  
  78  6:59  SCV  
  87  7:02  Supply Depot  
  87  7:03  Supply Depot  
  87  7:04  Terran Vehicle Weapons Level 1  
  87  7:08  Terran Vehicle And Ship Armor Level 1  
  87  7:11  SCV  
  92  7:15  Hellion x2  
  92  7:17  SCV  
  93  7:23  SCV  
  93  7:26  Viking  
  96  7:34  Siege Tank  
  96  7:35  SCV  
  91  8:01  Viking x2  
  91  8:04  Hellbat x2  
  99  8:06  Siege Tank  
  102  8:25  Hellbat  
  100  8:31  SCV x2, Viking  
  102  8:37  Thor  
  108  8:43  SCV  
  108  8:48  SCV  
  110  9:08  Terran Vehicle Weapons Level 2  
  110  9:12  Terran Vehicle And Ship Armor Level 2  
  110  9:16  Command Center  
  110  9:17  SCV x2  
  110  9:18  Supply Depot  
  110  9:20  Thor  
  118  9:29  SCV x2  
  120  9:38  Refinery  
  120  9:41  Refinery, SCV x2  
  120  9:42  Hellbat x2  
  126  9:53  SCV  
  126  9:56  SCV  
  128  10:03  Thor  
  134  10:25  Supply Depot  
  134  10:27  SCV x2, Viking  
  138  10:31  Planetary Fortress  
  138  10:39  SCV, Supply Depot  
  139  10:51  Siege Tank  
  139  10:54  Hellbat, Supply Depot  
  139  10:56  Hellbat  
  146  11:23  Thor  
  152  11:27  Factory  
  152  11:28  Factory  
  152  11:29  Factory  
  152  11:32  Factory  
  152  11:36  Factory  
  152  11:38  Command Center  
  152  11:43  Hellbat x2  
  156  11:52  Terran Vehicle And Ship Armor Level 3, Terran Vehicle Weapons Level 3  
  156  11:57  SCV x2  
  156  11:58  SCV  
  159  12:06  Thor  
  156  12:18  Factory Tech Lab x3, Factory Reactor  
  156  12:28  Hellbat x2  
  160  12:45  Refinery  
  160  12:46  Refinery  
  160  12:47  Thor  
  160  12:48  Thor, Siege Tank  
  160  12:50  Command Center  
  175  12:59  Sensor Tower  
  175  13:03  Planetary Fortress  
  172  13:23  Thor x2  
  184  13:29  Thor  
  184  13:31  Thor  
  184  13:34  Hellbat x2  
  186  14:05  Hellbat x2  
  186  14:06  Thor  
  192  14:12  Thor  
  175  14:21  Thor x2  
  175  14:22  Hellion, Hellbat x2  
  176  14:27  Hellion, Hellbat  
  148  14:43  Hellbat x3  
  150  14:48  Hellbat x2  
  150  14:49  Thor  
  150  14:50  SCV  
  150  14:51  SCV x4  
  165  14:55  Thor  
  168  15:03  Thor  
  168  15:04  Thor, Hellbat  
  168  15:05  Hellbat  
  181  15:18  Hellion, Hellbat x2  
  167  15:26  Hellbat x2  
  155  15:30  Hellion x3, Planetary Fortress  
  155  15:32  Hellbat  
  151  15:38  Hellbat  
  151  15:39  Hellbat x2  
  157  15:47  Siege Tank x2  
  163  15:53  Siege Tank  
  166  15:59  Factory Tech Lab  
  166  16:00  Siege Tank  
  163  16:18  Thor x2  
  163  16:25  Thor  
  175  16:31  Thor  
  187  16:38  Hellbat x5  
  189  16:59  Thor, Hellbat x2  
  193  17:20  Thor x4  
  181  17:42  Thor  
  187  18:03  Thor  
  193  18:08  Command Center  
  193  18:09  Thor  
  161  18:46  Command Center  
  153  18:51  Siege Tank x2  
  153  18:52  Siege Tank x2  
  153  18:53  Siege Tank  
  168  19:05  Hellbat x4  
  176  19:24  Hellbat x3, Siege Tank  
  177  19:25  Hellbat  
  177  19:26  Hellbat  
  160  19:52  Thor  
  160  19:53  Hellbat x3  
  160  20:04  Hellbat x2  
  161  20:23  Hellbat x5  
Show
View Real Time Build Order
Export as new Build Order

Massa Terran 

Build Orders:  

Get SALT Encoding   

  12  0:02  SCV  
  13  0:14  SCV  
  14  0:18  Supply Depot  
  14  0:26  SCV  
  15  0:40  SCV  
  15  0:41  Barracks  
  16  0:50  Refinery  
  16  0:52  SCV  
  17  1:04  SCV  
  18  1:16  SCV  
  19  1:28  SCV  
  20  1:32  Reaper  
  21  1:40  Command Center  
  21  1:45  Orbital Command  
  21  1:58  Supply Depot  
  21  2:18  SCV  
  22  2:23  Barracks  
  22  2:25  Factory  
  22  2:27  Barracks Reactor  
  22  2:36  SCV  
  23  2:48  SCV  
  24  3:00  Supply Depot  
  24  3:03  Refinery  
  24  3:11  Marine  
  25  3:13  Barracks Tech Lab  
  25  3:17  Hellion x2  
  29  3:22  SCV  
  30  3:27  Orbital Command  
  30  3:28  Marine  
  33  3:34  SCV, Marauder  
  33  3:39  Hellion x2  
  38  3:46  Marine  
  41  3:55  Marauder  
  41  3:57  SCV  
  41  4:00  Hellion  
  44  4:04  Marine  
  44  4:05  Stimpack  
  44  4:07  Hellion  
  49  4:17  Marauder  
  49  4:22  Marine  
  50  4:30  Hellion  
  54  4:38  Marauder  
  54  4:46  Supply Depot  
  54  4:47  Supply Depot  
  54  5:08  Widow Mine x2, Marauder, Marine  
  54  5:10  SCV  
  54  5:12  Supply Depot  
  54  5:13  SCV  
  63  5:22  SCV  
  63  5:25  SCV  
  63  5:27  Barracks Reactor  
  65  5:29  Marauder  
  65  5:30  Widow Mine  
  65  5:34  Widow Mine  
  65  5:35  SCV  
  72  5:36  Engineering Bay  
  72  5:37  SCV  
  72  5:39  Supply Depot  
  72  5:42  Supply Depot  
  73  5:45  Concussive Shells  
  73  5:47  SCV  
  73  5:49  Refinery, SCV  
  75  5:51  Marauder  
  75  5:52  Starport  
  77  5:59  SCV  
  78  6:09  Marine x2  
  80  6:12  Marauder  
  80  6:14  Barracks  
  82  6:22  Factory Tech Lab  
  82  6:26  Command Center  
  82  6:27  Marine x2  
  82  6:29  Terran Infantry Weapons Level 1  
  84  6:33  Missile Turret  
  84  6:34  Marauder  
  84  6:37  Missile Turret  
  86  6:44  Marine  
  86  6:46  Combat Shield  
  87  6:53  SCV x2  
  89  6:55  Marauder  
  91  7:03  Armory  
  91  7:05  SCV  
  91  7:06  SCV  
  91  7:07  Missile Turret  
  93  7:16  Supply Depot  
  93  7:17  Missile Turret  
  93  7:18  SCV  
  93  7:21  Supply Depot  
  94  7:24  Missile Turret  
  94  7:27  Supply Depot  
  94  7:37  Marauder, Marine, Siege Tank  
  94  7:38  Medivac  
  102  7:55  SCV  
  102  7:56  SCV  
  104  7:59  Marauder  
  106  8:08  SCV x2  
  106  8:09  Missile Turret, Siege Tank  
  106  8:11  Missile Turret  
  111  8:13  Missile Turret  
  111  8:15  Missile Turret  
  111  8:16  Marine  
  111  8:19  Marine  
  113  8:20  SCV x2  
  113  8:24  Missile Turret  
  107  8:29  Marauder, Marine  
  107  8:32  Missile Turret  
  110  8:38  Medivac  
  112  9:03  Marauder, Marine x4  
  112  9:07  Siege Tank  
  112  9:08  Medivac  
  123  9:13  Orbital Command  
  123  9:16  SCV x2  
  125  9:21  Marine x4  
  129  9:24  Marauder  
  129  9:27  Missile Turret x2  
  129  9:28  SCV x2, Missile Turret  
  129  9:31  Missile Turret  
  133  9:35  Missile Turret  
  133  9:38  Missile Turret  
  133  9:44  SCV, Missile Turret  
  133  9:46  SCV  
  133  10:00  Supply Depot  
  133  10:01  Supply Depot x2  
  133  10:02  Terran Infantry Armor Level 1, Supply Depot  
  133  10:04  Supply Depot x2  
  133  10:09  Terran Vehicle Weapons Level 1  
  133  10:10  Supply Depot  
  133  10:15  Engineering Bay  
  133  10:22  SCV x3, Marauder, Marine, Siege Tank  
  142  10:36  Supply Depot  
  142  10:43  Marauder  
  142  10:45  Sensor Tower  
  144  10:54  Siege Tank  
  144  10:57  Command Center  
  147  10:59  Marine x4  
  151  11:04  Missile Turret x3  
  151  11:05  Marauder  
  153  11:15  Refinery  
  153  11:16  Refinery  
  153  11:17  Marine x4  
  157  11:23  Terran Infantry Weapons Level 2  
  157  11:26  Marauder, Missile Turret, Siege Tank  
  157  11:27  Missile Turret x2  
  157  11:29  Armory  
  162  11:34  Marine  
  162  11:35  Marine x3  
  166  11:42  SCV x3  
  169  11:48  Marauder  
  169  11:52  Marine  
  169  11:53  Marine  
  174  11:54  SCV x3  
  174  11:59  Starport Reactor  
  176  12:03  Terran Vehicle And Ship Armor Level 1  
  176  12:06  SCV x2  
  174  12:09  Marauder  
  156  12:30  Marauder  
  156  12:34  Marine  
  156  12:35  Marine x3  
  162  12:52  Marauder, Marine  
  162  12:53  Marine x3  
  162  12:57  Barracks  
  168  12:59  Barracks  
  168  13:00  Orbital Command, Factory  
  168  13:03  SCV x3  
  171  13:06  Refinery, Barracks  
  171  13:08  Refinery  
  171  13:10  Marine  
  171  13:11  Marine x3  
  175  13:13  Marauder  
  175  13:15  SCV x3  
  175  13:17  Command Center  
  181  13:27  SCV x3  
  181  13:28  Marine  
  181  13:29  Marine x3  
  187  13:35  Marauder  
  189  13:51  Marine  
  189  13:52  Marine x3  
  191  13:56  Marauder  
  171  14:09  Marine  
  162  14:10  Marine x3  
  122  14:17  Marauder  
  122  14:20  Factory Tech Lab, Barracks Tech Lab  
  122  14:21  Barracks Tech Lab  
  122  14:22  Barracks Tech Lab  
  120  14:27  Marine  
  120  14:28  Marine x3  
  107  14:39  Marauder  
  107  14:43  Siege Tank  
  107  14:45  Marine x4  
  107  15:00  Marauder  
  107  15:03  Marine x2  
  103  15:19  Viking x2  
  98  15:21  Marauder  
  87  15:37  Barracks Tech Lab, Factory Tech Lab  
  87  15:44  Command Center  
  87  15:46  SCV x2  
  87  15:48  Planetary Fortress  
  87  15:49  Medivac, Command Center, Viking  
  93  15:52  Missile Turret  
  93  15:54  Sensor Tower  
  93  15:55  Missile Turret  
  93  15:58  SCV x2, Missile Turret, Siege Tank  
  93  15:59  Marauder  
  93  16:00  Marauder x3, Marine  
  93  16:01  Marine x3  
  110  16:10  SCV x2  
  112  16:18  Marine  
  112  16:19  Marine, Medivac x2  
  112  16:21  Marauder x4  
  112  16:22  SCV x2  
  128  16:30  Siege Tank  
  131  16:34  SCV x2  
  133  16:42  Marauder  
  133  16:43  Marauder x3  
  133  16:46  SCV x2  
  143  16:58  SCV  
  143  16:59  SCV  
  143  17:00  Missile Turret  
  143  17:01  Missile Turret  
  141  17:03  Marauder  
  141  17:04  Marauder x3  
  143  17:22  Marine  
  144  17:23  Marine x3  
  144  17:25  Marauder x4  
  155  17:33  Orbital Command  
  155  17:37  SCV x4  
  156  17:40  Marine x3  
  156  17:41  Marine  
  163  17:46  Marauder  
  163  17:47  Marauder x3  
  163  17:49  SCV x4  
  175  17:58  Marine x4  
  174  18:01  SCV x5  
  182  18:08  Marauder x4  
  190  18:13  SCV x5  
  190  18:16  Marine x4  
  199  18:25  SCV  
  156  19:16  Command Center  
  69  19:54  Marauder  
  69  19:55  Marine x4  
  46  20:03  Siege Tank  
  46  20:13  Marine x4  
  48  20:16  Marauder  
  50  20:27  Barracks  
  50  20:28  Barracks  
  50  20:29  Barracks  
  50  20:30  Marine  
  50  20:31  Refinery, Barracks, Marine x3  
  50  20:35  Siege Tank  
  57  20:37  Marauder  
  59  20:48  Marine  
  59  20:49  Marine x3  
  63  21:03  Factory Tech Lab  
Show
View Real Time Build Order
Export as new Build Order

qqq Zerg 

Build Orders: Hatch First, Swarm Host 

Get SALT Encoding   

  12  0:03  Drone  
  13  0:09  Drone  
  14  0:38  Hatchery  
  14  0:42  Drone  
  14  0:59  Spawning Pool  
  13  1:08  Overlord  
  13  1:09  Drone  
  14  1:12  Extractor  
  14  1:16  Drone  
  14  1:37  Drone x2  
  16  1:47  Queen  
  18  1:57  Queen  
  18  2:00  Drone  
  21  2:04  Drone  
  22  2:09  Drone  
  24  2:15  Zergling x2  
  24  2:22  Metabolic Boost  
  24  2:28  Drone  
  24  2:29  Drone  
  26  2:37  Overlord  
  26  2:41  Drone  
  27  2:45  Zergling x2  
  27  2:49  Overlord  
  28  2:59  Zergling x4  
  28  3:00  Zergling x2  
  28  3:03  Zergling x2  
  32  3:09  Zergling x2  
  32  3:10  Zergling x2  
  32  3:11  Zergling x2  
  35  3:14  Zergling x2  
  35  3:16  Zergling x2  
  37  3:24  Zergling x2  
  38  3:28  Lair  
  38  3:31  Zergling x2  
  38  3:33  Zergling x2  
  40  3:51  Drone x2  
  40  3:52  Drone  
  40  3:53  Zergling x2  
  40  3:54  Overlord  
  44  4:01  Zergling x2  
  44  4:02  Overlord  
  41  4:03  Drone  
  35  4:17  Zergling x2  
  35  4:18  Zergling x6  
  35  4:19  Drone x2  
  39  4:28  Zergling x2  
  39  4:29  Drone  
  41  4:35  Infestation Pit  
  41  4:37  Drone  
  41  4:38  Drone  
  41  4:39  Nydus Network  
  40  4:58  Zergling x4  
  40  4:59  Drone x2  
  44  5:12  Drone  
  44  5:13  Swarm Host  
  48  5:19  Hatchery  
  47  5:21  Drone  
  47  5:22  Extractor  
  47  5:30  Drone x2  
  47  5:32  Swarm Host  
  52  5:40  Overlord x2  
  52  5:41  Overlord x2  
  52  5:42  Overlord  
  52  6:01  Drone x2  
  54  6:04  Infestation Pit  
  54  6:06  Drone x2  
  54  6:07  Drone  
  54  6:08  Swarm Host  
  54  6:09  Drone  
  54  6:10  Drone  
  61  6:21  Drone x3  
  61  6:22  Swarm Host  
  67  6:32  Extractor  
  66  6:33  Extractor  
  66  6:36  Swarm Host  
  66  6:37  Zergling x2  
  66  6:38  Zergling x4  
  66  6:39  Drone x4  
  76  6:40  Drone, Queen  
  78  6:51  Nydus Canal  
  78  6:53  Drone x3  
  81  7:05  Swarm Host  
  81  7:07  Zergling x6  
  87  7:15  Swarm Host  
  87  7:17  Swarm Host  
  87  7:19  Drone x2  
  95  7:26  Spine Crawler  
  94  7:32  Hatchery  
  93  7:39  Swarm Host  
  93  7:42  Drone x2  
  98  7:44  Overlord x4  
  98  7:45  Overlord x4  
  92  8:03  Spore Crawler  
  92  8:05  Spore Crawler  
  89  8:11  Hydralisk Den  
  88  8:14  Spore Crawler  
  88  8:15  Spore Crawler  
  88  8:16  Spore Crawler x2  
  84  8:25  Spore Crawler  
  80  8:30  Spore Crawler  
  79  8:37  Drone x3, Spore Crawler  
  79  8:41  Hydralisk x4  
  75  8:50  Spore Crawler  
  75  8:53  Drone x2  
  76  8:58  Spore Crawler  
  76  9:01  Spore Crawler  
  76  9:02  Drone  
  75  9:09  Nydus Canal  
  75  9:10  Drone x3  
  75  9:11  Drone  
  79  9:23  Drone, Spore Crawler  
  79  9:24  Hydralisk x2  
  83  9:32  Drone x4  
  83  9:33  Hydralisk  
  83  9:35  Hydralisk  
  91  9:45  Hydralisk x3  
  95  9:48  Zergling x2  
  95  9:49  Zergling x2  
  95  9:51  Drone  
  95  9:52  Drone  
  101  9:59  Drone x3  
  104  10:02  Hydralisk  
  104  10:03  Swarm Host x2  
  105  10:26  Muscular Augments  
  105  10:31  Extractor  
  104  10:36  Extractor  
  97  10:52  Hatchery  
  95  11:01  Hatchery  
  94  11:06  Hydralisk x2  
  94  11:07  Swarm Host x4  
  94  11:08  Drone  
  94  11:09  Drone x6  
  94  11:10  Drone x2  
  116  11:18  Nydus Canal  
  116  11:21  Drone  
  116  11:22  Hydralisk x2  
  121  11:29  Hive  
  121  11:36  Evolution Chamber  
  121  11:37  Grooved Spines, Zergling x4  
  121  11:38  Drone  
  121  11:39  Evolution Chamber  
  122  11:54  Hydralisk x4  
  122  11:55  Drone  
  122  11:56  Drone  
  126  12:34  Drone x5  
  123  12:37  Spore Crawler  
  123  12:40  Spore Crawler  
  123  12:41  Spore Crawler  
  118  12:46  Nydus Canal  
  118  12:50  Hydralisk x6  
  130  12:51  Zergling x6  
  130  12:52  Drone x2, Zergling x6  
  130  12:53  Drone, Hydralisk x4  
  142  13:19  Swarm Host x2  
  142  13:20  Hydralisk x6  
  142  13:22  Drone x3  
  142  13:23  Drone x3  
  166  13:27  Spore Crawler x2  
  166  13:30  Spine Crawler  
  166  13:31  Spore Crawler x2  
  166  13:33  Drone, Spine Crawler  
  166  13:34  Hydralisk x2  
  161  13:40  Zerg Missile Weapons Level 1  
  165  13:52  Nydus Canal  
  139  14:26  Drone  
  139  14:27  Drone x3  
  139  14:28  Drone x5  
  125  14:47  Hydralisk x6  
  125  14:48  Drone x2  
  125  14:49  Drone x2, Hydralisk x6  
  153  14:57  Spine Crawler  
  151  15:13  Nydus Canal  
  143  15:19  Hydralisk x3  
  127  15:30  Drone x3  
  127  15:31  Drone x5  
  127  15:32  Drone  
  127  15:34  Spine Crawler x2  
  134  15:38  Extractor, Spine Crawler  
  132  15:46  Hydralisk x4  
  138  15:53  Drone x5  
  143  16:05  Drone x4  
  143  16:06  Extractor  
  146  16:16  Swarm Host x5  
  161  16:45  Swarm Host  
  161  16:46  Hydralisk  
  166  16:49  Zerg Missile Weapons Level 2  
  166  16:50  Zerg Ground Armor Level 1  
  137  17:27  Zergling x6  
  137  17:28  Zergling x10  
  137  17:29  Zergling x14  
  94  17:40  Hydralisk x2  
  94  17:41  Ultralisk Cavern  
  94  17:43  Drone x2  
  78  17:54  Hydralisk  
  78  17:55  Hydralisk  
  78  17:56  Drone  
  76  18:01  Spine Crawler  
  76  18:03  Spine Crawler  
  76  18:05  Spine Crawler x3  
  72  18:06  Drone  
  72  18:07  Spine Crawler  
  72  18:08  Spine Crawler x2  
  72  18:12  Nydus Canal  
  69  18:13  Drone  
  70  18:23  Zergling x10  
  70  18:24  Zergling x2  
  70  18:26  Hatchery  
  63  18:43  Hydralisk x2  
  63  18:44  Zerg Melee Weapons Level 1  
  63  18:45  Nydus Canal  
  67  18:52  Ultralisk x2  
  67  18:54  Zergling x4  
  67  18:55  Zergling x2  
  82  18:58  Extractor, Queen  
  82  18:59  Extractor  
  81  19:13  Ultralisk  
  74  19:20  Anabolic Synthesis  
  74  19:22  Hatchery  
  74  19:23  Drone x2  
  72  19:41  Drone  
  72  19:42  Drone  
  74  19:51  Ultralisk  
  74  19:52  Drone  
  81  19:54  Zergling x10  
  86  20:06  Zergling x4  
  88  20:07  Drone  
  76  20:54  Drone x3  
Tags
 
Add a new tag
Caveats
  • Supply blocks, unpowered buildings, or Contaminate may cause inaccurate times.
  • Supply counts are checked every 10 seconds.